 Dungeon Crawl Stone Soup version 0.26-a0-810-ge1a9524b62 (webtiles) character file.

Game seed: 14186185208104663320

3079 robertstho the Grappler (level 9, -4/79 HPs)
             Began as a Troll Delver on Nov 12, 2020.
             Was a Priest of Hepliaklqana.
             Killed from afar by a deep elf mage (31 damage)
             ... with a bolt of magma
             ... on level 7 of the Dungeon.
             The game lasted 00:07:47 (4945 turns).

robertstho the Grappler (Troll Delver)              Turns: 4945, Time: 00:07:49

Health: -4/79      AC:  7    Str: 25    XL:     9   Next: 58%
Magic:  10/10      EV:  7    Int:  6    God:    Hepliaklqana [***...]
Gold:   335        SH: 14    Dex: 11    Spells: 8/8 levels left

rFire    . . .     SeeInvis .     - Unarmed
rCold    . . .     Faith    .   k - +0 tower shield
rNeg     . . .     Spirit   .   a - +0 robe
rPois    .         Reflect  .   (helmet restricted)
rElec    .         Harm     .   s - +0 cloak
rCorr    .         Rampage  .   (gloves unavailable)
MR       .....                  (boots unavailable)
Stlth    ++........             (no amulet)
HPRegen  0.63/turn              (no ring)
MPRegen  0.12/turn              (no ring)

@: slowed, very slow
A: large, unfitting armour, reduced essence, claws 3, regeneration 1, shaggy fur
1, tough skin 3
a: Recall Ancestor, Ancestor Identity, Transference, Renounce Religion


You were on level 7 of the Dungeon.
You worshipped Hepliaklqana.
Hepliaklqana was most pleased with you.
You visited 2 branches of the dungeon, and saw 8 of its levels.

You collected 335 gold pieces.

Inventory:

Hand Weapons
 l - a +2 trident of freezing
Armour
 a - a +0 robe (worn)
 k - a +0 tower shield (worn)
 s - a +0 cloak (worn)
Jewellery
 j - an uncursed ring of see invisible
Wands
 f - a wand of digging (3)
 n - a wand of flame (23)
Scrolls
 b - 5 scrolls of fog
 c - 4 scrolls of magic mapping
 d - 2 scrolls of fear
 i - 3 scrolls of identify
 m - 2 scrolls of noise {unknown}
 p - 2 scrolls of enchant armour {unknown}
 u - 7 scrolls of remove curse
 w - a scroll of enchant weapon {unknown}
 x - 2 scrolls of teleportation {unknown}
Potions
 e - 2 potions of haste
 g - a potion of resistance
 h - 3 potions of might
 q - a potion of lignification {unknown}
 r - a potion of invisibility
 v - a potion of mutation
 z - 3 potions of flight


   Skills:
 * Level 5.0 Fighting
 * Level 4.1 Armour
 + Level 4.0 Dodging
 - Level 2.7 Stealth
 + Level 2.6 Shields
 * Level 9.2 Unarmed Combat
 * Level 3.0 Invocations


You had 8 spell levels left.
You didn't know any spells.
Your spell library contained the following spells:

 Spells                   Type           Power        Failure   Level
 Magic Dart               Conj           #...         100%        1
 Blink                    Tloc           N/A          100%        2
 Call Imp                 Summ           #.......     100%        2
 Slow                     Hex            #.......     100%        2
 Conjure Flame            Conj/Fire      #.......     100%        3
 Mephitic Cloud           Conj/Pois/Air  #.......     100%        3


Dungeon Overview and Level Annotations

Branches:
Dungeon (7/15)             Temple (1/1) D:5

Altars:
Ashenzari
Cheibriados
Dithmenos
Elyvilon
Fedhas
Gozag
Hepliaklqana
Kikubaaqudgha
Makhleb
Nemelex Xobeh
Ru
Sif Muna
Trog
Vehumet
Xom
Yredelemnul
The Shining One
Lugonu


Innate Abilities, Weirdness & Mutations

You are too large for most types of armour.
You have claws for hands.
Your natural rate of healing is unusually fast.
You are covered in fur. (AC +1)
You have extremely tough skin. (AC +3)
Your life essence is reduced to manifest your ancestor. (-10% HP)


Message History

Wystan hits the deep elf mage with a +0 flail.
Wystan blocks the yak's attack.
You claw the deep elf mage!
The deep elf mage is severely wounded.
You block the wraith's attack.
The deep elf mage mumbles some strange words.
The deep elf mage blinks!
Wystan blocks the yak's attack.
Wystan hits the yak with a +0 flail!
The earth elemental hits you.
Unknown command.
You block the wraith's attack.
Wystan blocks the yak's attack.
Wystan hits the yak with a +0 flail.
Wystan blocks the yak's attack.
Wystan closely misses the yak.
You see here a runed whip.
You claw the wraith!
The wraith is heavily damaged.
The wraith hits you! The wraith drains your vigour!
You feel yourself slow down. The deep elf mage casts a spell at you.
The bolt of magma hits you!!
You die...

#################
......^[......... ##
##################. ###.
^..#### #. #... ####....#
######.
####)..##EW@....######......
....?..†..R.................
##..##.#ZY..e...######......
#.#.........# #......
..#..#.############......
.##..>....................
.. #...##########)#########
# #...# #....##...# # ...##
#....##...# #


You could see the friendly Wystan the knight, an earth elemental (summoned), a
deep elf mage, a yak, a wraith and a bullfrog zombie.

Vanquished Creatures
  Grinder (D:4)
  3 yaks (D:7)
  Eustachio (D:4)
  A water moccasin (D:7)
  An ice beast (D:6)
  A black bear (D:7)
  A phantom (D:5)
  3 ogres
  A bullfrog (D:7)
  A water moccasin skeleton (D:6)
  3 wights (D:7)
  A bullfrog skeleton (D:5)
  An orc priest (D:5)
  3 hounds
  8 orc wizards
  A centaur skeleton (D:6)
  An iguana (D:7)
  5 worker ants
  A worker ant zombie (D:5)
  4 gnolls (D:4)
  6 adders
  5 white imps
  An ooze (D:2)
  An adder skeleton (D:6)
  4 worms
  2 dart slugs
  7 leopard geckos
  13 orcs
  2 ball pythons
  17 giant cockroaches
  2 goblins (D:3)
  4 hobgoblins
  A jackal (D:4)
  9 kobolds
  5 quokkas
  6 bats
  5 frilled lizards
  A jackal skeleton (D:4)
  6 rats
139 creatures vanquished.

Vanquished Creatures (collateral kills)
  2 yaks (D:7)
  An ogre (D:4)
  A phantom (D:4)
  A bullfrog (D:7)
  A quasit (D:7)
  An orc wizard (D:7)
  A centaur skeleton (D:6)
  A worker ant zombie (D:7)
  2 adders
  An adder zombie (D:6)
  A dart slug (D:1)
  2 giant cockroaches
  A goblin (D:1)
  A hobgoblin (D:1)
  A jackal (D:4)
  3 quokkas
  2 frilled lizards (D:1)
  2 rats (D:3)
25 creatures vanquished.

Vanquished Creatures (others)
  An ancestor (D:4)
  31 plants
32 creatures vanquished.

Grand Total: 196 creatures vanquished

Notes
Turn   | Place    | Note
-------+----------+-------------------------------------------
     0 | D:5      | robertstho the Troll Delver began the quest for the Orb.
     0 | D:5      | Reached XP level 1. HP: 22/22 MP: 0/0
    35 | D:5      | Reached XP level 2. HP: 29/29 MP: 1/1
   100 | D:5      | Reached skill level 1 in Armour
   100 | D:5      | Reached XP level 3. HP: 27/36 MP: 2/2
   145 | D:5      | Reached XP level 4. HP: 41/45 MP: 3/3
   149 | D:5      | Reached skill level 3 in Unarmed Combat
   185 | D:5      | Noticed a phantom
   208 | D:5      | Killed a phantom
   208 | D:5      | Reached XP level 5. HP: 51/53 MP: 4/4
   252 | D:5      | Reached skill level 4 in Unarmed Combat
   252 | D:5      | Reached XP level 6. HP: 26/61 MP: 5/5
   521 | D:5      | Reached skill level 5 in Unarmed Combat
   521 | D:5      | Reached XP level 7. HP: 33/68 MP: 6/6
   666 | D:5      | Found a staircase to the Ecumenical Temple.
   786 | D:5      | Found an ancient bone altar of Kikubaaqudgha.
   807 | Temple   | Entered the Ecumenical Temple
   838 | Temple   | Became a worshipper of Hepliaklqana the Forgotten
   870 | D:5      | Found a radiant altar of Vehumet.
   894 | D:5      | Found a white marble altar of Elyvilon.
   962 | D:4      | Found a sparkling altar of Nemelex Xobeh.
  1128 | D:4      | Noticed Eustachio
  1139 | D:4      | Killed Eustachio
  1139 | D:4      | Reached skill level 6 in Unarmed Combat
  1195 | D:4      | Noticed Grinder
  1198 | D:4      | Paralysed by Grinder for 3 turns
  1206 | D:4      | Killed Grinder
  1206 | D:4      | Reached skill level 1 in Invocations
  1206 | D:4      | Reached XP level 8. HP: 48/70 MP: 7/7
  1348 | D:4      | Reached skill level 7 in Unarmed Combat
  1785 | D:3      | Found a snail-covered altar of Cheibriados.
  2037 | D:3      | Reached * piety under Hepliaklqana
  2037 | D:3      | Found a faded altar of an unknown god.
  2636 | D:2      | Found a blossoming altar of Fedhas.
  2772 | D:2      | Found a bloodstained altar of Trog.
  2802 | D:2      | Reached ** piety under Hepliaklqana
  2850 | D:2      | Remembered your ancestor Wystan as a knight
  3846 | D:6      | Found a shimmering altar of Xom.
  3906 | D:6      | Found an opulent altar of Gozag.
  3941 | D:6      | Reached skill level 1 in Shields
  4200 | D:6      | Reached *** piety under Hepliaklqana
  4358 | D:7      | Reached skill level 8 in Unarmed Combat
  4517 | D:7      | Reached XP level 9. HP: 17/76 MP: 9/9
  4832 | D:7      | Reached skill level 9 in Unarmed Combat
  4842 | D:7      | Reached skill level 5 in Fighting
  4870 | D:7      | Found a sacrificial altar of Ru.
  4926 | D:7      | Noticed a deep elf mage
  4945 | D:7      | Killed from afar by a deep elf mage

Illustrated notes

Levels and vault maps discovered:
D:1:      dpeg_arrival_water_fire, layout_rooms, palyth_stone_intersect,
          lemuel_old_faithful
D:2:      minmay_roachtagon, layout_basic, fedhas_ov_isle_minmay,
          lemuel_coloured_pillars_altar, grunt_decor_one_mirror
D:3:      layout_loops_ring, lemuel_doored_altar,
          chequers_ecumenical_altar_simple, minmay_misc_feat_more_columns
D:4:      wad_woods_settlement, layout_basic, marbit_many_paths, uniq_eustachio,
          uniq_grinder
D:5:      layout_loops_ring, gammafunk_temple_overflow_forgotten,
          minmay_temple_entry_ruins
D:6:      layout_rooms, grunt_gozag_statues, xom_teletrap_fun, serial_curves,
          eino_curves_04, eino_curves_01
D:7:      layout_basic, nicolae_ru_path_of_blood, okawaru_altar_gauntlet_db,
          ebering_dispersal_statue_hall, minmay_manual_mess
Temple:   corrupted_temple

Skill      XL: |  1  2  3  4  5  6  7  8  9 |
---------------+----------------------------+-----
Armour         | 1 2 3 4 |  4.1
Fighting       | 3 4 5 |  5.0
Unarmed Combat | 3 4 5 6 8 9 |  9.2
Dodging        | 2 3 4 |  4.0
Invocations    | 1 2 3 |  3.0
Shields        | 1 2 |  2.6
Stealth        | |  2.7

Action                   |  1- 3 |  4- 6 |  7- 9 || total
-------------------------+-------+-------+-------++-------
Melee: Unarmed           |    30 |    82 |   370 ||   482
       Punch             |       |     3 |       ||     3
Invok: Ancestor Life: Kn |       |       |     1 ||     1
  Use: Scroll            |       |       |     9 ||     9
       Potion            |       |       |     1 ||     1
 Stab: Sleeping          |     1 |     1 |     2 ||     4
       Distracted        |       |     1 |     2 ||     3
Armor: Robe              |     6 |    16 |   113 ||   135
Dodge: Dodged            |    14 |    27 |    61 ||   102
Block: Tower shield      |       |       |   252 ||   252

Table legend: (Time is in decaauts)
 A = Elapsed time spent in this place.
 B = Non-inter-level travel time spent in this place.
 C = Inter-level travel time spent in this place.
 D = Time resting spent in this place.
 E = Time spent auto-exploring this place.
 F = Levels seen in this place.
 G = Mean time per level.
                   A        B        C        D        E       F      G
               +--------+--------+--------+--------+--------+-----+--------+
         Total |   4950 |   4596 |    354 |    142 |   3500 |   8 |  618.8 |
       Dungeon |   4908 |   4565 |    343 |    142 |   3473 |   7 |  701.1 |
        Temple |     42 |     31 |     11 |      0 |     27 |   1 |   42.0 |
               +--------+--------+--------+--------+--------+-----+--------+

Top non-repeatable levels by time:
     D:5: 918 daAuts
     D:2: 827 daAuts
     D:4: 787 daAuts
     D:3: 720 daAuts
     D:7: 675 daAuts
     D:1: 537 daAuts
     D:6: 442 daAuts
  Temple: 42 daAuts
